Unix NetHack Version 3.7.0-88 Work-in-progress - last build Aug 21 2023 04:08:40 (b68ccb3e4f8f5dcb83e1e40b1ff56e7dffd4cd28,branch:master). Game began 2023-09-04 16:23:48, ended 2023-09-08 23:23:59. MargeBouvier, chaotic male elven Wizard ------ ------------- ###-..... |...........| # |....| # |...........| # |....| ####### |...........-# # |....-###)[#########-.--|------ |...........|# # --.--- # #|..........### --------.----# # # # |.........| # ## # ## # |.........| # # # ### ## |...`.....| # # # # # -.---- #|..(......| ##### ###### ## # |....| #####..........| ##-----|-- #------------ ## |....| # #----------- #|.^....| #|..........| # |....| ## ## #.......| #|....{.....| # |.<...####### ### |......| #|..........| -----# |....|#############################*#.**....| #|..........| |[..|a |....|# -----#-- #|..........| |[.@-# ------# #-..>.......| |...| # ------------ ----- MargeBouvier the Thaumaturge St:8 Dx:13 Co:15 In:15 Wi:14 Ch:9 Chaotic Dlvl:4 $:297 HP:0(42) Pw:2(64) AC:1 Exp:6 T:6183 Stressed Latest messages: Really quit? [yn] (n) Restoring save file... Hello MargeBouvier, the elven Wizard, welcome back to NetHack! Your movements are slowed slightly because of your load. Pick an object. @ a human or elf (peaceful Wonotobo) [seen: normal vision, infravision] Pick an object. - the interior of a monster or an open door (open door) Pick an object. - the interior of a monster or an open door (open door) In what direction? The spell misses the killer bee. The killer bee misses! The killer bee stings! The killer bee's sting was poisoned! You rebalance your load. Movement is difficult. You feel weaker! You miss the killer bee. The killer bee misses! The killer bee stings! The killer bee misses! You miss the killer bee. The killer bee stings! The killer bee stings! The killer bee's sting was poisoned! You miss the killer bee. The killer bee misses! The killer bee stings! The killer bee just misses! You miss the killer bee. The killer bee stings! The killer bee misses! You miss the killer bee. The killer bee misses! The killer bee stings! The killer bee stings! You don't have enough stamina to move. The killer bee stings! The killer bee stings! You don't have enough stamina to move. The killer bee misses! The killer bee stings! The killer bee stings! You die... Wonotobo gratefully inherits all your possessions. Do you want to see what you had when you died? [ynq] (y) Do you want to see your attributes? [ynq] (y) Do you want an account of creatures vanquished? [ynaq] (y) Do you want to see your conduct and achievements? [ynq] (y) Do you want to see the dungeon overview? [ynq] (y) Inventory: Coins $ - 297 gold pieces Weapons h - 2 +0 daggers T - a +0 knife O - a cursed -4 knife f - a +0 dwarvish mattock (alternate weapon; not wielded) z - a cursed -1 dwarvish short sword N - a +0 flail a - a blessed +1 quarterstaff (weapon in hands) Armor A - an uncursed +0 dwarvish iron helm U - an uncursed +0 orcish helm o - a cursed +0 orcish helm M - an uncursed +0 pair of high boots (being worn) v - an uncursed rustproof +0 pair of iron shoes m - an uncursed +0 pair of kicking boots V - an uncursed +0 orcish shield Y - an uncursed +0 shield of reflection b - an uncursed +0 cloak of magic resistance (being worn) I - an uncursed +0 dwarvish cloak r - a blessed +0 orcish cloak C - an uncursed +0 dwarvish mithril-coat (being worn) Comestibles s - 6 uncursed food rations D - an uncursed partly eaten food ration p - 2 uncursed tins of szechuan jackal meat Scrolls W - 2 uncursed scrolls of amnesia j - an uncursed scroll of create monster q - an uncursed scroll of create monster i - an uncursed scroll of destroy armor Z - an uncursed scroll of enchant armor k - a blessed scroll of enchant weapon x - an uncursed scroll of enchant weapon G - an uncursed scroll of genocide y - a blessed scroll of identify R - an uncursed scroll of identify X - an uncursed scroll of light B - an uncursed scroll of remove curse Potions g - an uncursed potion of blindness Rings S - an uncursed ring of cold resistance J - an uncursed ring of invisibility d - an uncursed ring of see invisible e - an uncursed ring of shock resistance l - an uncursed ring of shock resistance Wands H - a wand of create monster (0:14) c - a wand of make invisible (0:3) Q - a wand of polymorph (0:5) Tools n - an uncursed blindfold w - an uncursed magic whistle u - 2 uncursed tallow candles Gems/Stones F - 2 uncursed topaz stones L - an uncursed worthless piece of blue glass t - an uncursed worthless piece of green glass E - an uncursed worthless piece of white glass K - 3 uncursed worthless pieces of yellowish brown glass MargeBouvier the Wizard's attributes: Background: You were a Thaumaturge, a level 6 male elven Wizard. You were chaotic, on a mission for Anhur who was opposed by Ptah (lawful) and Thoth (neutral). You were in the Dungeons of Doom, on level 4. You entered the dungeon 6183 turns ago. It was nighttime. You had 603 experience points, 37 more were needed to attain level 7. Basics: You had 0 out of 42 hit points. You had 2 out of 64 energy points (spell power). Your armor class was 1. Your wallet contained 297 zorkmids. Autopickup was off. Final Characteristics: Your strength was 8 (peak:11, limit:18). Your dexterity was 13 (limit:18). Your constitution was 15 (peak:16, limit:16). Your intelligence was 15 (limit:20). Your wisdom was 14 (limit:20). Your charisma was 9 (limit:18). Final Status: You were not hungry. You were stressed; movement was moderately slowed. You were wielding a quarterstaff. You had basic skill with quarterstaff and could have enhanced that. Final Attributes: You were piously aligned. You were magic-protected. You were sleep resistant. You were telepathic. You had infravision. You were invisible. You were guarded. You are dead (2nd time!). Miscellaneous: You never encountered a bones level. Total elapsed playing time was 47 minutes and 31 seconds. Major events: Turn 1: MargeBouvier the chaotic male elven Wizard entered the dungeon 1030: attained the rank of Conjurer (level 3) 4795: attained the rank of Thaumaturge (level 6) 6140: averted death (killed by a Mordor orc) 6183: killed by a killer bee Vanquished creatures: a leprechaun 4 Mordor orcs 2 Uruk-hai a rock piercer a pony a fog cloud a yellow light 2 shriekers a gnome leader a little dog 3 floating eyes a kitten 2 dwarves a homunculus 2 centipedes 2 giant bats an orc zombie 2 dwarf zombies a wererat a werejackal 3 iguanas a killer bee 4 acid blobs a gas spore 4 hobbits 4 manes a large kobold 4 hobgoblins 2 giant rats 2 cave spiders 2 brown molds 4 yellow molds a green mold a red mold 2 gnomes 9 garter snakes a gnome zombie 3 geckos 3 jackals 2 foxes 2 kobolds 3 goblins 7 grid bugs 6 bats 7 lichens a kobold zombie 10 newts 121 creatures vanquished. No species were genocided or became extinct. Voluntary challenges: You read items or engraved 14 times. You engraved Elbereth 7 times. You never genocided any monsters. You never polymorphed an object. You never changed form. You used no wishes. Achievements: You entered a shop. You attained the rank of Conjurer. You attained the rank of Thaumaturge. The Dungeons of Doom: levels 1 to 5 Level 1: A fountain. Level 2: A general store. Level 3: A general store, a fountain, a grave. Level 4: <- You were here. A general store, a fountain. Final resting place for you, killed by a killer bee. Level 5: Game over: ---------- / \ / REST \ / IN \ / PEACE \ / \ | MargeBouvier | | 297 Au | | killed by a | | killer bee | | | | | | 2023 | *| * * * | * _________)/\\_//(\/(/\)/\//\/|_)_______ Goodbye MargeBouvier the Wizard... You died in The Dungeons of Doom on dungeon level 4 with 2890 points, and 297 pieces of gold, after 6183 moves. You were level 6 with a maximum of 42 hit points when you died.